 Dungeon Crawl Stone Soup version 0.26-a0-259-g1effd001a9 (webtiles) character file.

Game seed: 6553711890002188497

1565 MalarOregon the Ruffian (level 8, -4/70 HPs)
             Began as a Green Draconian Transmuter on July 11, 2020.
             Was an Initiate of Gozag.
             Slain by an orc warrior
             ... wielding a +0 flail
              (21 damage)
             ... on level 5 of the Dungeon.
             The game lasted 00:26:34 (9628 turns).

MalarOregon the Ruffian (DrTm)                      Turns: 9628, Time: 00:26:35

Health: -4/70      AC:  9    Str: 13    XL:     8   Next: 59%
Magic:  13/13      EV: 15    Int: 15    God:    Gozag
Gold:   200        SH:  0    Dex: 14    Spells: 13/14 levels left

rFire    . . .     SeeInvis .   o - +1 dagger (venom)
rCold    . . .     Faith    .   (no shield)
rNeg     . . .     Spirit   .   (armour unavailable)
rPois    +         Reflect  .   u - +1 hat
rElec    .         Harm     .   g - scarf {repulsion}
rCorr    .                      r - +1 pair of gloves
MR       .....                  (no boots)
Stlth    +.........             (no amulet)
HPRegen  0.21/turn              (no ring)
MPRegen  0.13/turn              (no ring)

@: repel missiles
A: breathe noxious fumes, unfitting armour, agile 1, poison resistance,
cold-blooded, AC +6
a: Breathe Noxious Fumes, Potion Petition, Call Merchant, Bribe Branch, Renounce
Religion


You were on level 5 of the Dungeon.
You worshipped Gozag.
Gozag was aware of your devotion.
You were not hungry.

You visited 2 branches of the dungeon, and saw 7 of its levels.
You also visited: Ossuary.

You collected 273 gold pieces.
You paid 73 gold pieces to Gozag.

Inventory:

Hand Weapons
 h - a +2 dagger of holy wrath
   (You took it off a goblin on level 1 of the Dungeon)
 o - a +1 dagger of venom (weapon)
   (You took it off an orc wizard on level 4 of the Dungeon)
 s - a +1 dagger of electrocution
   (You took it off an orc wizard on level 5 of the Dungeon)
 v - a +0 vorpal spear
   (You found it on level 2 of the Dungeon)
 y - a +1 dagger of draining
   (You took it off a goblin on level 2 of the Dungeon)
Missiles
 a - 96 arrows
 b - 6 poisoned darts
 j - 42 stones
 p - 7 javelins (quivered)
Armour
 g - a scarf of repulsion (worn)
   (You found it on level 1 of the Dungeon)
 r - a +1 pair of gloves (worn)
   (You found it on level 3 of the Dungeon)
 u - a +1 hat (worn)
   (You found it on level 2 of the Dungeon)
Jewellery
 k - an uncursed amulet of regeneration {unknown}
   (You found it on level 2 of the Dungeon)
 t - an uncursed ring of stealth {unknown}
   (You found it on level 3 of the Dungeon)
Scrolls
 c - 2 scrolls of magic mapping
 d - 3 scrolls of identify {@r1}
 f - 3 scrolls of remove curse {@r2}
Potions
 i - a potion of resistance
 l - 3 potions of curing {@q1}
 m - 4 potions of stabbing
 n - a potion of might {unknown}
 q - a potion of mutation {!q}
Comestibles
 e - 6 rations {!d}


   Skills:
 * Level 6.0 Fighting
 * Level 5.1 Dodging
 * Level 6.2 Unarmed Combat
 + Level 3.9 Spellcasting
 + Level 4.1 Transmutations


You had 13 spell levels left.
You knew the following spells:

 Your Spells              Type           Power        Failure   Level
a - Beastly Appendage     Tmut           ###...       3%          1

Your spell library contained the following spells:

 Spells                   Type           Power        Failure   Level
 Sticks to Snakes         Tmut           ###.....     4%          2
 Spider Form              Tmut/Pois      #.........   24%         3
 Ice Form                 Ice/Tmut       #.......     61%         4
 Blade Hands              Tmut           ###.......   65%         5


Dungeon Overview and Level Annotations

Branches:
Dungeon (6/15)             Temple (1/1) D:5         Ossuary (visited)

Altars:
Ashenzari
Cheibriados
Dithmenos
Elyvilon
Fedhas
Gozag
Hepliaklqana
Kikubaaqudgha
Makhleb
Okawaru
Ru
Sif Muna
Uskayaw
Vehumet
Yredelemnul
Zin
The Shining One


Innate Abilities, Weirdness & Mutations

You can breathe blasts of noxious fumes.
Your lurid green scales are hard. (AC +6)
You cannot fit into any form of body armour.
Your system is resistant to poisons. (rPois)
You are cold-blooded and may be slowed by cold attacks.
You are agile. (Dex +2)


Message History

Done exploring.
Done exploring.
Done exploring.
There is a fountain of clear blue water here.
There is a staircase to the Ecumenical Temple here.
There is a stone staircase leading down here.
You climb downwards.
An iguana, an orc, an orc warrior and an orc priest come into view.
There is a stone staircase leading up here.
The helpless iguana fails to defend itself.
You hit the iguana.
The iguana is poisoned.
The orc priest casts a cantrip, but nothing happens.
The iguana barely misses you.
You hit the iguana but do no damage.
The iguana looks as sick as possible!
The iguana bites you.
You hit the iguana. The iguana bites you.
You barely miss the iguana. The iguana bites you.
You hit the iguana.
You kill the iguana!
Your Fighting skill increases to level 6!
The orc warrior hits you with a +0 flail.
You hit the orc warrior but do no damage.
You tail-slap the orc warrior, but do no damage.
The orc shouts!
You hear a shout!
The orc warrior hits you with a +0 flail!
You hit the orc warrior but do no damage.
The orc warrior is poisoned.
The orc warrior hits you with a +0 flail.
An orc comes into view. It is wielding a +0 morningstar.
The orc priest calls upon Beogh to heal the orc warrior.
The orc warrior's wounds heal themselves!
The orc warrior closely misses you.
The orc becomes distracted by the nearby gold, dreaming of imaginary riches.
The orc hits you but does no damage.
The orc shouts!
You climb upwards.
There is a stone staircase leading down here.
Unknown command.
You hit the orc warrior but do no damage.
The orc warrior hits you with a +0 flail!
* * * LOW HITPOINT WARNING * * *
The orc misses you.
An orc warrior is nearby!
You barely miss the orc warrior.
The orc warrior hits you with a +0 flail!
* * * LOW HITPOINT WARNING * * *
You hit the orc warrior.
The orc warrior is poisoned.
The orc warrior hits you with a +0 flail!!
You die...
Your body crumbles into a pile of gold.

###
#...####.##
#
##........#
##..####.##
###########
##.#
.......##
#.#
.oo.....#
###
######..#
### ##o#
#.# #.# #@#
#.# ##o#
##o# ##o##
#..##
###.##
#...###..##
#...#...##
#....o.##
#......#
#...#..##


You could see an orc warrior (very poisoned) and an orc.

Vanquished Creatures
  Prince Ribbit (D:5)
  A water moccasin (D:5)
  An ice beast (D:5)
  2 phantoms (D:5)
  A centaur (D:5)
  A vampire bat (D:2)
  A bullfrog zombie (D:5)
  A centaur zombie (Ossuary)
  2 hounds
  2 human zombies (Ossuary)
  2 orc priests
  4 orc wizards
  2 iguanas
  5 worker ants
  3 mummies
  A worker ant zombie (D:5)
  Robin (D:4)
  10 adders
  2 oozes
  3 adder skeletons (D:4)
  3 adder zombies (Ossuary)
  7 worms
  2 leopard geckos
  23 orcs
  4 ball pythons
  3 bat skeletons (D:2)
  3 bat zombies (D:2)
  3 giant cockroaches
  17 goblins
  10 hobgoblins
  13 jackals
  5 kobolds
  2 quokkas
  5 bats
  8 frilled lizards
  2 goblin zombies (Ossuary)
  6 hobgoblin zombies (Ossuary)
  2 jackal skeletons (D:4)
  9 kobold zombies (Ossuary)
  10 orc zombies (Ossuary)
  A quokka skeleton (D:4)
  5 rats
  3 rat zombies (Ossuary)
192 creatures vanquished.

Notes
Turn   | Place    | Note
-------+----------+-------------------------------------------
     0 | D:1      | MalarOregon the Draconian Transmuter began the quest for
                  | the Orb.
     0 | D:1      | Reached XP level 1. HP: 16/16 MP: 3/3
   416 | D:1      | Reached XP level 2. HP: 19/23 MP: 5/5
  1719 | D:2      | Reached XP level 3. HP: 21/29 MP: 4/6
  2042 | D:2      | You fall into a shaft and drop 2 floors!
  2107 | D:4      | Reached XP level 4. HP: 17/37 MP: 5/7
  2677 | D:3      | Noticed Robin
  2706 | D:4      | Killed Robin
  3002 | D:4      | Reached XP level 5. HP: 31/45 MP: 6/8
  3502 | D:3      | Found a sacrificial altar of Ru.
  3840 | D:3      | Found a faded altar of an unknown god.
  4408 | D:2      | Reached XP level 6. HP: 32/51 MP: 8/10
  4912 | D:2      | Found an ancient bone altar of Kikubaaqudgha.
  6248 | D:5      | Entered Level 5 of the Dungeon
  6252 | D:5      | Found a staircase to the Ecumenical Temple.
  6613 | D:5      | Noticed an ice beast
  6775 | D:5      | Found a sand-covered staircase.
  6804 | D:5      | Your scales start taking on a lurid green colour.
  6804 | D:5      | Reached XP level 7. HP: 16/59 MP: 9/11
  6804 | D:5      | Gained mutation: Your system is resistant to poisons.
                  | (rPois) [Green Draconian growth]
  6818 | D:5      | HP: 3/88 [phantom (7)]
  6823 | D:5      | HP: 2/88 [phantom (2)]
  6836 | Ossuary  | Entered an ossuary
  7309 | Ossuary  | Reached skill level 5 in Unarmed Combat
  7604 | D:5      | Gained mutation: You are weak. (Str -2) [potion of
                  | mutation]
  7604 | D:5      | Gained mutation: You are agile. (Dex +2) [potion of
                  | mutation]
  7604 | D:5      | Lost mutation: You are weak. (Str -2) [potion of mutation]
  7742 | D:5      | Reached skill level 5 in Fighting
  7781 | D:5      | HP: 1/61 [orc wizard/+1 dagger of electrocution (10)]
  7851 | D:5      | Reached XP level 8. HP: 19/68 MP: 11/13
  8222 | D:5      | Noticed Prince Ribbit
  8248 | D:5      | Killed Prince Ribbit
  8248 | D:5      | Reached skill level 5 in Dodging
  8881 | Temple   | Entered the Ecumenical Temple
  9002 | Temple   | Became a worshipper of Gozag Ym Sagoz the Greedy
  9628 | D:5      | Slain by an orc warrior

Illustrated notes

Levels and vault maps discovered:
D:1:      dpeg_cavernosity, layout_basic, minivault_27, minmay_misc_feat_cross,
          minmay_tree_intersection
D:2:      layout_loops_cross, kennysheep_vampire_church, serial_glass,
          glass_columns_a, glass_columns_a
D:3:      layout_loops_ring, first_ration, chequers_ecumenical_altar_lobes,
          serial_aquarium, aquarium_bridge_square [aquarium_subvault_wall,
          aquarium_subvault_wall, aquarium_subvault_bridge,
          aquarium_subvault_window], aquarium_window_fake, aquarium_window_fake,
          aquarium_view_2d, aquarium_pool_corner, cheibrodos_sewer_entry_bend,
          nicolae_ru_awakened_eye, uniq_robin
D:4:      layout_loops_corners, kennysheep_generic_room_16
D:5:      layout_layer_cave, minmay_temple_entry_junction_2,
          gup_ossuary_entry_pyramid, uniq_prince_ribbit1
D:6:      layout_loops_cross, gammafunk_temple_overflow_claw
Temple:   nicolae_temple_elliptical

Skill      XL: |  1  2  3  4  5  6  7  8 |
---------------+-------------------------+-----
Dodging        | 2 3 4 5 |  5.1
Fighting       | 2 3 4 5 6 |  6.0
Unarmed Combat | 4 5 6 |  6.2
Transmutations | 3 4 |  4.1
Spellcasting   | 3 |  3.9

Action                   |  1- 3 |  4- 6 |  7- 9 || total
-------------------------+-------+-------+-------++-------
Melee: Unarmed           |   138 |   364 |   253 ||   755
       Headbutt          |     5 |    16 |    18 ||    39
       Tailslap          |    12 |    37 |    43 ||    92
       Kick              |     3 |    15 |     6 ||    24
       Punch             |       |     4 |     2 ||     6
       Dagger            |       |       |    56 ||    56
Throw: Dart              |     4 |    26 |     9 ||    39
       Javelin           |       |     6 |    16 ||    22
 Cast: Beastly Appendage |    13 |    20 |    14 ||    47
 Abil: Breathe Noxious F |       |       |     1 ||     1
Evoke: Wand              |       |     2 |     4 ||     6
  Use: Scroll            |       |    11 |       ||    11
       Potion            |       |       |     9 ||     9
 Stab: Sleeping          |     1 |     3 |     1 ||     5
       Invisible         |       |       |     5 ||     5
  Eat: Ration            |     1 |     4 |     3 ||     8
Armor: Skin              |    55 |   108 |    94 ||   257
Dodge: Dodged            |    99 |   276 |   252 ||   627
       Repelled          |       |       |     3 ||     3

Table legend:
 A = Non-vault XP
 B = Vault XP
 C = Vault XP percentage of total XP
 D = Non-vault monster count
 E = Vault monster count
 F = Vault count percentage of total count
                 A         B        C        D         E       F
            +---------+---------+-------+---------+---------+-------
      Total |    1612 |     625 |  27.9 |     125 |      67 |  34.9
            +---------+---------+-------+---------+---------+-------
        D:1 |      23 |       5 |  17.9 |      11 |       4 |  26.7
        D:2 |      85 |      72 |  45.9 |      26 |       7 |  21.2
        D:3 |     100 |      28 |  21.9 |      23 |      12 |  34.3
        D:4 |     317 |      20 |   5.9 |      30 |       4 |  11.8
        D:5 |    1050 |     282 |  21.2 |      34 |       2 |   5.6
        D:6 |      37 |       0 |   0.0 |       1 |       0 |   0.0
    Ossuary |       0 |     218 | 100.0 |       0 |      38 | 100.0
            +---------+---------+-------+---------+---------+-------
